 Dungeon Crawl Stone Soup version 0.27-a0-1147-gb3d8e82157 (webtiles) character file.

Game seed: 9744723186856856113

35 neco the Firebug (level 3, -2/21 HPs)
             Began as an Octopode Fire Elementalist on May 11, 2021.
             Killed from afar by a dart slug (7 damage)
             ... with a slug dart
             ... on level 2 of the Dungeon.
             The game lasted 00:07:41 (423 turns).

neco the Firebug (Octopode Fire Elementalist)        Turns: 423, Time: 00:07:42

Health: -2/21      AC:  1    Str:  8    XL:     3   Next: 33%
Magic:  0/6        EV: 13    Int: 17    God:
Gold:   8          SH:  0    Dex: 12    Spells: 5/6 levels left

rFire    . . .     SeeInvis .   d - +0 dagger
rCold    . . .     Faith    .   (no shield)
rNeg     . . .     Spirit   .   (helmet restricted)
rPois    .         Reflect  .   (no amulet)
rElec    .         Harm     .   (no ring)
rCorr    .         Rampage  .   (no ring)
Will     .....                  (no ring)
Stlth    +++.......             (no ring)
HPRegen  0.07/turn              (no ring)
MPRegen  0.10/turn              (no ring)
                                (no ring)
                                (no ring)

@: flying
A: almost no armour, amphibious, 8 rings, camouflage 1, gelatinous body 1,
(nimble swimmer 1), tentacles
a: no special abilities


You were on level 2 of the Dungeon.
You visited 1 branch of the dungeon, and saw 2 of its levels.

You collected 8 gold pieces.

Inventory:

Hand Weapons
 b - a +0 club
 d - a +0 dagger (weapon)
 e - a +0 dagger
 f - a +0 spear
Missiles
 c - 24 stones


   Skills:
 + Level 0.6 Maces & Flails
 + Level 2.1 Dodging
 + Level 3.2 Stealth
 + Level 2.1 Spellcasting
 + Level 1.0 Conjurations
 + Level 3.7 Fire Magic


You had 5 spell levels left.
You knew the following spells:

 Your Spells              Type           Power      Damage    Failure   Level
a - Foxfire               Conj/Fire      36%        2x1d5     7%          1

Your spell library contained the following spells:

 Spells                   Type           Power      Damage    Failure   Level
 Conjure Flame            Conj/Fire      9%         6-21      22%         3
 Inner Flame              Hex/Fire       8%         N/A       26%         3
 Sticky Flame             Conj/Fire      9%         2d3       56%         4
 Fireball                 Conj/Fire      4%         3d4       89%         5


Dungeon Overview and Level Annotations

Branches:
Dungeon (2/15)

Altars:


Innate Abilities, Weirdness & Mutations

You cannot wear most types of armour.
You are amphibious.
You can wear up to eight rings at the same time.
Your skin changes colour to match your surroundings (Stealth+).
Your rubbery body absorbs attacks. (AC +1, EV +1)
((You are camouflaged near water. (Stealth+)))
You have tentacles for arms and can constrict up to eight enemies at once.


Message History

The foxfire hits the goblin.
You kill the goblin!
Things that are here:
a +0 club; a +0 animal skin; a +0 helmet A hobgoblin comes into view.
You see here a ball python corpse.
A dart slug comes into view.
You see here a ball python corpse.
Casting: Foxfire (safe; 7% risk of failure)
Confirm with . or Enter, or press ? or * to list all spells.
You conjure some foxfire!
The goblin shouts!
The hobgoblin shouts!
You are too injured to fight recklessly!
Your foxfire dissipates!
The foxfire hits the goblin.
The goblin is severely wounded.
The goblin closely misses you.
Casting: Foxfire (safe; 7% risk of failure)
Confirm with . or Enter, or press ? or * to list all spells.
You conjure some foxfire!
The goblin hits you with a +0 club.
* * * LOW HITPOINT WARNING * * *
You hit the goblin.
You kill the goblin!
The foxfire hits the hobgoblin.
The hobgoblin is heavily wounded.
Casting: Foxfire (safe; 7% risk of failure)
Confirm with . or Enter, or press ? or * to list all spells.
You conjure some foxfire!
The foxfire hits the hobgoblin.
The hobgoblin is almost dead.
You closely miss the hobgoblin. Your grab misses the hobgoblin.
Your squeeze misses the hobgoblin.
The hobgoblin is almost dead.
The foxfire hits the hobgoblin.
You kill the hobgoblin!
It was a potion of flight.
You feel very buoyant.
You fly up into the air.
The dart slug launches a dart at you. The slug dart hits you!
You die...

###### ##....#
######..#.##
###g))g..##.#
#...#######.#
#....#######...#
#..####
#.@.)############ ...g
#†#### #....<...# ...
#######w######........#
..
#.......#...##........#
.
..w.....##............#
.........#.###........#
.........#.# #........#
.........#.# #........#
.........#.###........#


You could see a dart slug.

Vanquished Creatures
  Robin (D:2)
  An adder (D:2)
  An endoplasm (D:2)
  7 goblins
  2 hobgoblins
  A ball python (D:2)
  A kobold (D:2)
14 creatures vanquished.

Vanquished Creatures (others)
  14 foxfires
14 creatures vanquished.

Grand Total: 28 creatures vanquished

Notes
Turn   | Place    | Note
-------+----------+-------------------------------------------
     0 | D:1      | neco the Octopode Fire Elementalist began the quest for the
                  | Orb.
     0 | D:1      | Reached XP level 1. HP: 11/11 MP: 3/3
   359 | D:2      | Reached XP level 2. HP: 17/17 MP: 3/5
   365 | D:2      | Noticed Robin
   396 | D:2      | Killed Robin
   398 | D:2      | Reached XP level 3. HP: 10/21 MP: 3/6
   423 | D:2      | Killed from afar by a dart slug

Illustrated notes

Levels and vault maps discovered:
D:1:      lightli_arrival_quake, layout_loops_corners,
          minmay_misc_feat_more_columns
D:2:      layout_rooms, uniq_robin

Skill      XL: |  1 |
---------------+----+-----
Stealth        | 3 |  3.2
Maces & Flails | |  0.6
Dodging        | |  2.1
Spellcasting   | |  2.1
Conjurations   | |  1.0
Fire Magic     | |  3.7

Action                   || total
-------------------------++-------
Melee: Constrict         ||     6
       Club              ||     3
       Unarmed           ||     2
       Dagger            ||    16
       Tentacles         ||     2
 Cast: Foxfire           ||    14
  Use: Potion            ||     1
 Stab: Sleeping          ||     1
Armor: Skin              ||     1
Dodge: Dodged            ||    23

Table legend: (Time is in decaauts)
 A = Elapsed time spent in this place.
 B = Non-inter-level travel time spent in this place.
 C = Inter-level travel time spent in this place.
 D = Time resting spent in this place.
 E = Time spent auto-exploring this place.
 F = Levels seen in this place.
 G = Mean time per level.
                   A        B        C        D        E       F      G
               +--------+--------+--------+--------+--------+-----+--------+
         Total |    422 |    422 |      0 |    185 |      0 |   2 |  211.0 |
       Dungeon |    422 |    422 |      0 |    185 |      0 |   2 |  211.0 |
               +--------+--------+--------+--------+--------+-----+--------+

Top non-repeatable levels by time:
     D:2: 355 daAuts
     D:1: 66 daAuts
